 Dungeon Crawl Stone Soup version 0.28-a0-1080-g05a166d0ed (webtiles) character file.

Game seed: 8323485068588589181

8 ytrimaz the Insei (level 2, 18/18 HPs)
             Began as an Octopode Transmuter on Dec 9, 2021.
             Was a Follower of Vehumet.
             Quit the game on level 1 of the Dungeon.
             The game lasted 00:00:34 (691 turns).

ytrimaz the Insei (Octopode Transmuter)              Turns: 691, Time: 00:00:34

Health: 18/18      AC:  1    Str:  9    XL:     2   Next: 8%
Magic:  5/5        EV: 13    Int: 15    God:    Vehumet [*.....]
Gold:   8          SH:  0    Dex: 12    Spells: 4/5 levels left

rFire   . . .      SeeInvis .     - Unarmed
rCold   . . .      Faith    .   (no shield)
rNeg    . . .      Spirit   .   (helmet restricted)
rPois   .          Reflect  .   (no amulet)
rElec   .          Harm     .   (no ring)
rCorr   .          Rampage  .   (no ring)
Will    .....                   (no ring)
Stlth   ++........              (no ring)
HPRegen 0.06/turn               (no ring)
MPRegen 0.09/turn               (no ring)
                                (no ring)
                                (no ring)

@: no status effects
A: almost no armour, amphibious, 8 rings, camouflage 1, gelatinous body 1,
(nimble swimmer 1), tentacles
a: Renounce Religion


You were on level 1 of the Dungeon.
You worshipped Vehumet.
Vehumet was aware of your devotion.
You visited 1 branch of the dungeon, and saw 1 of its levels.

You collected 8 gold pieces.

Inventory:

Potions
 a - 2 potions of curing
 b - a potion of berserk rage {unknown}
 c - a potion of cancellation {unknown}
 e - 3 potions of heal wounds {unknown}


   Skills:
 * Level 1.2 Fighting
 - Level 2.0 Dodging
 + Level 3.2 Unarmed Combat
 * Level 2.1 Spellcasting
 * Level 2.1 Transmutations


You had 4 spell levels left.
You knew the following spells:

 Your Spells              Type           Power      Damage    Failure   Level
a - Beastly Appendage     Tmut           16%        N/A       9%          1

Your spell library contained the following spells:

 Spells                   Type           Power      Damage    Failure   Level
 Sandblast                Erth           2%         2d4       22%         1
 Wereblood                Tmut           8%         N/A       14%         2
 Spider Form              Tmut/Pois      4%         N/A       38%         3
 Ice Form                 Ice/Tmut       4%         N/A       80%         4


Dungeon Overview and Level Annotations

Branches:
Dungeon (1/15)

Altars:
Vehumet


Innate Abilities, Weirdness & Mutations

You cannot wear most types of armour.
You are amphibious.
You can wear up to eight rings at the same time.
Your skin changes colour to match your surroundings (Stealth+).
Your rubbery body absorbs attacks. (AC +1, EV +1)
((You are camouflaged near water. (Stealth+)))
You have tentacles for arms and can constrict up to eight enemies at once.


Message History

You tentacle-slap the ball python.
You kill the ball python!
You tentacle-slap the goblin.
You kill the goblin!
You have reached level 2!
The ball python misses you. The ball python grabs you.
The ball python constricts you.
You tentacle-slap the ball python but do no damage.
Your grab misses the ball python. You squeeze the ball python.
The ball python is moderately wounded.
The ball python bites you but does no damage.
The ball python constricts you.
You tentacle-slap the ball python. You grab the ball python.
You squeeze the ball python.
You kill the ball python!
There is a faded altar of an unknown god here.
You cannot tell which god this altar belongs to.
Convert to them anyway?
Vehumet accepts your prayer! Vehumet welcomes you!
You can now gain magical power from killing.
Vehumet offers you knowledge of Sandblast.
Found an escape hatch in the floor.
There is an escape hatch in the floor here.
e - 3 glowing orange potions (gained 1)
There is an escape hatch in the floor here.
You open the door.
There is an open door here.
c - a fuming ruby potion You open the door.
You open the door.
There is an open door here.
There is an open door here.
There is an open door here.
As you open the door, it creaks loudly!
A ball python comes into view.
The ball python hisses angrily.
A ball python is nearby!
A ball python is nearby!
A ball python is nearby!
Are you sure you want to abandon this character and quit the game? (Confirm with "yes".)

##._.## ## .###.†...####
..#.).#...#.. #+
#.....###..... ...
#.#..## ##..## ....
####..###..### .....
##.#....#..#.#.
......####....#.....####
...S..'@.....###........
......####..## ##.#.#...
..... ##..###.##.#.##
.... ###.#.###.#.## ...
#.......#.## #+
##.######.## #.# #.##
#.# #.# #.# #.##


You could see a ball python.

Vanquished Creatures
  4 ball pythons (D:1)
  A hobgoblin (D:1)
  A kobold (D:1)
  A frilled lizard (D:1)
  A goblin (D:1)
8 creatures vanquished.

Notes
Turn   | Place    | Note
-------+----------+-------------------------------------------
     0 | D:1      | ytrimaz the Octopode Transmuter began the quest for the
                  | Orb.
     0 | D:1      | Reached XP level 1. HP: 13/13 MP: 3/3
   513 | D:1      | Found a faded altar of an unknown god.
   523 | D:1      | Reached XP level 2. HP: 16/18 MP: 5/5
   528 | D:1      | Prayed at the altar of an unknown god.
   528 | D:1      | Became a worshipper of Vehumet
   528 | D:1      | Reached * piety under Vehumet
   528 | D:1      | Offered knowledge of Sandblast by Vehumet.
   691 | D:1      | Quit the game

Illustrated notes

Levels and vault maps discovered:
D:1:      wheals_arrival_shading, layout_loops_corners,
          nicolae_ecumenical_snake_handling

Action                   || total
-------------------------++-------
Melee: Unarmed           ||    14
       Constrict         ||     5
       Tentacles         ||     4
  Use: Scroll            ||     4
Armor: Skin              ||     1
Dodge: Dodged            ||     7

Table legend: (Time is in decaauts)
 A = Elapsed time spent in this place.
 B = Non-inter-level travel time spent in this place.
 C = Inter-level travel time spent in this place.
 D = Time resting spent in this place.
 E = Time spent auto-exploring this place.
 F = Levels seen in this place.
 G = Mean time per level.
                   A        B        C        D        E       F      G
               +--------+--------+--------+--------+--------+-----+--------+
         Total |    690 |    690 |      0 |      0 |    637 |   1 |  690.0 |
       Dungeon |    690 |    690 |      0 |      0 |    637 |   1 |  690.0 |
               +--------+--------+--------+--------+--------+-----+--------+

Top non-repeatable levels by time:
     D:1: 690 daAuts
